 Dungeon Crawl Stone Soup version 0.27-a0-1434-g6f15984924 (webtiles) character file.

Game seed: 4672303796920604348

865 Sin92 the Skirmisher (level 7, 0/55 HPs)
             Began as a Demonspawn Fighter on July 3, 2021.
             Killed from afar by a steam dragon (12 damage)
             ... with a ball of steam
             ... on level 4 of the Dungeon.
             The game lasted 00:06:46 (4248 turns).

Sin92 the Skirmisher (Demonspawn Fighter)           Turns: 4248, Time: 00:06:46

Health: 0/55       AC: 13    Str: 18    XL:     7   Next: 72%
Magic:  7/7        EV:  4    Int: 10    God:
Gold:   176        SH: 15    Dex: 18    Spells: 6/6 levels left

rFire    . . .     SeeInvis .   a - +1 war axe (flame)
rCold    . . .     Faith    .   c - +0 kite shield
rNeg     . . .     Spirit   .   e - +0 plate armour
rPois    +         Reflect  +   (no helmet)
rElec    .         Harm     .   (no cloak)
rCorr    .         Rampage  .   (no gloves)
Will     .....                  l - +0 pair of boots
Stlth    ..........             o - amulet of reflection
HPRegen  0.18/turn              f - ring of poison resistance
MPRegen  0.10/turn              r - +6 ring of dexterity

@: no status effects
A: talons 2, demonic magic 1
a: no special abilities


You were on level 4 of the Dungeon.
You visited 1 branch of the dungeon, and saw 4 of its levels.

You collected 176 gold pieces.

Inventory:

Hand Weapons
 a - a +1 war axe of flaming (weapon)
Armour
 b - a +0 scale mail
 c - a +0 kite shield (worn)
 e - a +0 plate armour (worn)
 i - a +0 buckler of protection
 l - a +0 pair of boots (worn)
Jewellery
 f - a ring of poison resistance (left hand)
 o - an amulet of reflection (around neck)
 r - a +6 ring of dexterity (right hand)
Wands
 g - a wand of flame (15)
 m - a wand of iceblast (18)
Scrolls
 h - 2 scrolls of identify
 k - a scroll of torment
 n - a scroll of summoning {unknown}
Potions
 j - a potion of lignification


   Skills:
 + Level 4.8 Fighting
 + Level 3.9 Axes
 + Level 4.4 Armour
 + Level 3.3 Dodging
 + Level 4.4 Shields


You had 6 spell levels left.
You didn't know any spells.
Your spell library contained the following spells:

 Spells                   Type           Power      Damage    Failure   Level
 Magic Dart               Conj           0%         1d3       100%        1
 Searing Ray              Conj           0%         3d3       100%        2
 Slow                     Hex            0%         N/A       100%        2
 Confusing Touch          Hex            0%         N/A       100%        3
 Fulminant Prism          Conj/Hex       0%         3d6       100%        4
 Yara's Violent Unravell  Hex/Tmut       0%         3d3       100%        5


Dungeon Overview and Level Annotations

Branches:
Dungeon (4/15)
 Temple: D:4-7

Altars:
Ashenzari
Wu Jian
Xom


Innate Abilities, Weirdness & Mutations

You have razor-sharp toenails.
Spells you cast may paralyse adjacent enemies.


Message History

You block the ogre's attack.
You hit the steam dragon. You burn the steam dragon.
The steam dragon is moderately wounded.
You slash the adder! You burn the adder. You barely miss the ogre.
You block the adder's attack. The adder bites you but does no damage.
You block the ogre's attack. The steam dragon breathes steam at you.
The ball of steam hits you!
You hit the adder. You burn the adder.
You kill the adder!
You hit the ogre but do no damage. You closely miss the steam dragon.
You are engulfed in a cloud of scalding steam.
You block the steam dragon's attack.
The steam dragon claws you but does no damage.
The ogre hits you with a +0 giant club. The steam dragon bites you.
You block the steam dragon's attack.
Your plate armour prevents you from hitting the steam dragon.
The steam dragon is moderately wounded.
You hit the ogre. You burn the ogre.
You are engulfed in a cloud of scalding steam.
The ogre hits you with a +0 giant club. The steam dragon bites you.
The steam dragon claws you.
Unknown command.
You are too injured to fight recklessly!
Unknown command.
You are too injured to fight recklessly!
Unknown command.
Unknown command.
The steam dragon breathes steam at you. The ball of steam hits you!
* * * LOW HITPOINT WARNING * * *
You are engulfed in a cloud of scalding steam.
* * * LOW HITPOINT WARNING * * *
You are engulfed in a cloud of scalding steam.
As you read the scroll labelled NAROGE PIWAMNA, it crumbles to dust.
You hear a loud clanging noise!
It was a scroll of noise.
The steam dragon breathes steam at you. The ball of steam hits you!
You die...

..#.#.# #.......#
..#.#.# #.......#
..#.#.# #.......#
..#.#.# #..#....#
..#.#.### ##.#O##.#
....#...######.#n#
.#
....#........#.#D#
. ....
.....#####...#.#ยง#
##### .......#
###.#.#@# #..#
.......# #.#.#.#
#..# ######.#
#.#.#.# #..#
.......# #.#.#.#
#..# ########
#...#.#### #..# ...
###.#)...###..# ##
#...##......#
#############


You could see a steam dragon (catching breath), an ogre and a necrophage.

Vanquished Creatures
  Grinder (D:3)
  Sigmund (D:3)
  Edmund (D:4)
  2 ogres (D:3)
  An iguana (D:3)
  Jessica (D:3)
  Ijyb (D:3)
  Natasha (twice) (D:3)
  4 adders
  An ufetubus (D:4)
  A dart slug (D:1)
  9 ball pythons
  9 endoplasms
  A giant cockroach (D:1)
  5 goblins
  2 hobgoblins
  3 jackals (D:1)
  9 kobolds
  3 quokkas
  5 bats
  A frilled lizard (D:1)
  A quokka skeleton (D:4)
  6 rats
70 creatures vanquished.

Notes
Turn   | Place    | Note
-------+----------+-------------------------------------------
     0 | D:1      | Sin92 the Demonspawn Fighter began the quest for the Orb.
     0 | D:1      | Reached XP level 1. HP: 18/18 MP: 1/1
   166 | D:1      | Found a faded altar of an unknown god.
   177 | D:1      | Gained mutation: You have sharp toenails. [demonic
                  | ancestry]
   177 | D:1      | Reached XP level 2. HP: 23/24 MP: 2/2
   980 | D:2      | Reached skill level 1 in Dodging
   980 | D:2      | Gained mutation: You have razor-sharp toenails. [demonic
                  | ancestry]
   980 | D:2      | Reached XP level 3. HP: 25/29 MP: 3/3
  1808 | D:2      | Reached XP level 4. HP: 35/35 MP: 4/4
  2018 | D:2      | You fall into a shaft and drop 1 floor!
  2434 | D:3      | Noticed Ijyb
  2440 | D:3      | Killed Ijyb
  2464 | D:3      | Noticed Jessica
  2479 | D:3      | Killed Jessica
  2480 | D:3      | Reached XP level 5. HP: 11/42 MP: 5/5
  2780 | D:3      | Noticed Grinder
  2792 | D:3      | Killed Grinder
  2793 | D:3      | Gained mutation: Spells you cast may paralyse adjacent
                  | enemies. [demonic ancestry]
  2793 | D:3      | Reached XP level 6. HP: 33/48 MP: 6/6
  3247 | D:3      | Found a shimmering altar of Xom.
  3247 | D:3      | Found an ornate altar of the Wu Jian Council.
  3247 | D:3      | Found a broken altar of Ashenzari.
  3301 | D:3      | Noticed Sigmund
  3324 | D:3      | Reached XP level 7. HP: 21/55 MP: 7/7
  3533 | D:3      | Killed Sigmund
  3934 | D:3      | Noticed Natasha
  3941 | D:3      | Killed Natasha
  3998 | D:3      | Noticed Natasha
  4006 | D:3      | Killed Natasha
  4155 | D:4      | Noticed Edmund
  4172 | D:4      | Killed Edmund
  4235 | D:4      | Noticed a steam dragon
  4248 | D:4      | Killed from afar by a steam dragon

Illustrated notes

Levels and vault maps discovered:
D:1:      saegor_arrival_simple_b, layout_rooms, ebering_ecumenical_altar_mist
D:2:      layout_loops_ring, chequers_serial_rivers_small_3, minmay_tetromino_i2
D:3:      layout_basic, gammafunk_temple_overflow_claw, uniq_grinder,
          uniq_sigmund, uniq_jessica, uniq_ijyb, uniq_natasha
D:4:      layout_rooms, serial_co_window_serial, co_window_paths_a,
          co_window_corner_a, co_window_of_opportunity_a, co_window_paths_b,
          co_window_paths_b, co_window_cross_1, co_window_of_opportunity_a,
          co_window_unsneaky_path_d, co_window_unsneaky_path_a,
          co_window_corner_cb, co_window_corner_b, co_window_unsneaky_path_e,
          co_window_of_opportunity_c, co_window_4corner_a, uniq_edmund

Skill      XL: |  1  2  3  4  5  6  7 |
---------------+----------------------+-----
Axes           | 2 3 |  3.9
Armour         | 3 4 |  4.4
Dodging        | 1 2 3 |  3.3
Shields        | 3 4 |  4.4
Fighting       | 4 |  4.8

Action                   |  1- 3 |  4- 6 |  7- 9 || total
-------------------------+-------+-------+-------++-------
Melee: War axe           |   142 |    51 |    63 ||   256
  Use: Scroll            |     1 |     5 |     1 ||     7
       Potion            |       |     4 |       ||     4
Armor: Scale mail        |     9 |       |       ||     9
       Plate armour      |   119 |    15 |    21 ||   155
Dodge: Dodged            |    22 |     4 |     7 ||    33
Block: Kite shield       |    86 |    33 |    62 ||   181

Table legend: (Time is in decaauts)
 A = Elapsed time spent in this place.
 B = Non-inter-level travel time spent in this place.
 C = Inter-level travel time spent in this place.
 D = Time resting spent in this place.
 E = Time spent auto-exploring this place.
 F = Levels seen in this place.
 G = Mean time per level.
                   A        B        C        D        E       F      G
               +--------+--------+--------+--------+--------+-----+--------+
         Total |   4423 |   4382 |     41 |   1241 |   2385 |   4 | 1105.8 |
       Dungeon |   4423 |   4382 |     41 |   1241 |   2385 |   4 | 1105.8 |
               +--------+--------+--------+--------+--------+-----+--------+

Top non-repeatable levels by time:
     D:3: 1683 daAuts
     D:2: 1566 daAuts
     D:1: 993 daAuts
     D:4: 179 daAuts
